 Dungeon Crawl Stone Soup version 0.22-a0-858-g985ef60 (webtiles) character file.

398 Gildeon the Chopper (level 6, -2/56 HPs)
             Began as a Hill Orc Fighter on July 27, 2018.
             Was an Initiate of Beogh.
             Slain by Grinder (6 damage)
             ... while paralysed by Grinder
             ... on level 3 of the Dungeon.
             The game lasted 00:09:59 (2849 turns).

Gildeon the Chopper (Hill Orc Fighter)              Turns: 2849, Time: 00:09:59

Health: -2/56      AC: 10    Str: 20    XL:     6   Next: 83%
Magic:  6/6        EV:  2    Int:  9    God:    Beogh [......]
Gold:   95         SH:  0    Dex: 13    Spells: 5/5 levels left

rFire    . . .     SeeInvis .   a - +0 war axe
rCold    . . .     Gourm    .   c - +1 shield
rNeg     . . .     Faith    .   i - +0 chain mail
rPois    .         Spirit   .   (no helmet)
rElec    .         Reflect  +   (no cloak)
rCorr    .         Harm     .   g - +0 pair of gloves
MR       .....                  (no boots)
Stlth    ..........             k - +5 amulet of reflection
HPRegen  0.18/turn              l - +3 ring of dexterity
MPRegen  0.10/turn              (no ring)

@: paralysed
A: no striking features
a: Renounce Religion


You were on level 3 of the Dungeon.
You worshipped Beogh.
Beogh was noncommittal.
You were not hungry.

You visited 1 branch of the dungeon, and saw 3 of its levels.

You collected 95 gold pieces.

Inventory:

Hand Weapons
 a - a +0 war axe (weapon)
 j - a +1 halberd of flaming
Armour
 c - a +1 shield (worn)
 g - a +0 pair of gloves (worn)
 i - a +0 chain mail (worn)
Jewellery
 k - a +5 amulet of reflection (around neck)
 l - a +3 ring of dexterity (left hand)
Scrolls
 h - a scroll of teleportation
Potions
 d - a potion of berserk rage {unknown}
 e - a potion of curing
Comestibles
 b - a chunk of flesh
 f - 6 rations


   Skills:
 - Level 5.1 Fighting
 * Level 6.2 Axes
 + Level 4.6 Armour
 + Level 4.6 Shields


You had 5 spell levels left.
You didn't know any spells.
Your spell library was empty.

Dungeon Overview and Level Annotations

Branches:
Dungeon (3/15)

Altars:
Okawaru

Annotations:
D:3 Grinder


Message History

Grinder is severely wounded.
Grinder gestures at you.
You suddenly lose the ability to move!
Grinder hits you but does no damage. Grinder gestures at you.
Pain shoots through your body!
* * * LOW HITPOINT WARNING * * *
Grinder hits you.
* * * LOW HITPOINT WARNING * * *
You writhe in agony.
* * * LOW HITPOINT WARNING * * *
Grinder gestures at you. Pain shoots through your body!
* * * LOW HITPOINT WARNING * * *
Grinder gestures at you. Pain shoots through your body!
* * * LOW HITPOINT WARNING * * *
Grinder hits you.
* * * LOW HITPOINT WARNING * * *
You writhe in agony.
You die...

##### #?..# #...### ####
## ..... ...
#...####.##############.
#..!...@)(..............
#...####5###....######..
#. #.# #....# #.. #.#
#....# #.. #.# ######
#.. #.# ... ###.# ....
######...# ....#
#...##.###


You could see Grinder.

Vanquished Creatures
  Sigmund (D:3)
  An orc wizard (D:3)
  Natasha (D:3)
  6 adders
  2 gnolls (D:2)
  An ooze (D:3)
  4 worms
  A dart slug (D:1)
  3 leopard geckos
  9 orcs
  4 bats
  3 giant cockroaches
  7 goblins
  9 hobgoblins
  8 jackals
  2 quokkas
  A ball python (D:1)
  A frilled lizard (D:2)
  13 kobolds
  8 rats
85 creatures vanquished.

Vanquished Creatures (others)
  An orc wizard (D:3)
  An orc (D:3)
2 creatures vanquished.

Grand Total: 87 creatures vanquished

Notes
Turn   | Place    | Note
-------+----------+-------------------------------------------
     0 | D:1      | Gildeon the Hill Orc Fighter began the quest for the Orb.
     0 | D:1      | Reached XP level 1. HP: 19/19 MP: 1/1
   104 | D:1      | Reached skill level 3 in Axes
   133 | D:1      | Reached XP level 2. HP: 27/27 MP: 2/2
   472 | D:1      | Reached XP level 3. HP: 33/33 MP: 3/3
   944 | D:2      | Reached skill level 4 in Axes
   960 | D:2      | Reached XP level 4. HP: 31/40 MP: 4/4
  1950 | D:3      | Found an iron altar of Okawaru.
  1992 | D:3      | Reached XP level 5. HP: 38/47 MP: 5/5
  2146 | D:3      | Noticed Natasha
  2150 | D:3      | Killed Natasha
  2150 | D:3      | Reached skill level 5 in Axes
  2328 | D:3      | Noticed Sigmund
  2334 | D:3      | Killed Sigmund
  2334 | D:3      | Reached skill level 5 in Fighting
  2334 | D:3      | Reached skill level 6 in Axes
  2334 | D:3      | Reached XP level 6. HP: 55/56 MP: 6/6
  2596 | D:3      | Became a worshipper of Beogh the Brigand
  2827 | D:3      | Noticed Grinder
  2844 | D:3      | Paralysed by Grinder for 7 turns
  2849 | D:3      | Slain by Grinder

Vault maps used:
D:1:      dpeg_arrival_pits
D:2:      first_ration
D:3:      hangedman_abyss_or_decor_stabs, okawaru_ov_weapons_minmay,
          uniq_grinder, uniq_sigmund, uniq_natasha

Skill      XL: |  1  2  3  4  5 |
---------------+----------------+-----
Axes           | 3 4 6 |  6.2
Fighting       | 4 5 |  5.1
Armour         | 4 |  4.6
Shields        | 4 |  4.6

Action                   |  1- 3 |  4- 6 || total
-------------------------+-------+-------++-------
Melee: War axe           |   116 |   176 ||   292
       Halberd           |       |     9 ||     9
Invok: Convert to Beogh  |       |     1 ||     1
  Use: Scroll            |     4 |     3 ||     7
       Potion            |       |     1 ||     1
  Eat: Chunk             |       |     3 ||     3
       Ration            |       |     1 ||     1
Armor: Scale mail        |    39 |       ||    39
       Chain mail        |    13 |    95 ||   108
Dodge: Dodged            |    36 |    35 ||    71
Block: Shield            |    62 |    99 ||   161

Table legend:
 A = Spawn XP
 B = Non-spawn XP
 C = Spawn XP percentage of total XP
 D = Spawn monster count
 E = Non-spawn monster count
 F = Spawn count percentage of total count
 G = Total turns spent on level
                    A         B        C        D         E        F      G
               +---------+---------+-------+---------+---------+-------+---------
         Total |       0 |     569 |   0.0 |       0 |      86 |   0.0 |  2849
               +---------+---------+-------+---------+---------+-------+---------
           D:1 |       0 |      50 |   0.0 |       0 |      29 |   0.0 |   731
           D:2 |       0 |      96 |   0.0 |       0 |      23 |   0.0 |  1216
           D:3 |       0 |     423 |   0.0 |       0 |      34 |   0.0 |   902
               +---------+---------+-------+---------+---------+-------+---------
